 Dungeon Crawl Stone Soup version 0.21-a0-442-g848f44b (webtiles) character file.

282 slep the Slasher (level 6, 0/45 HPs)
             Began as a Vine Stalker Wanderer on Nov 15, 2017.
             Slain by a worker ant (2 damage)
             ... on level 4 of the Dungeon.
             The game lasted 00:13:24 (2326 turns).

slep the Slasher (Vine Stalker Wanderer)            Turns: 2326, Time: 00:13:24

Health: 0/45       AC: 23    Str: 17    XL:     6   Next: 28%
Magic:  0/8        EV:  2    Int: 10    God:
Gold:   135        SH:  4    Dex: 15    Spells: 7/7 levels left

rFire    . . .     SeeInvis +   a - +2 falchion
rCold    . . .     Gourm    .   D - +0 buckler
rNeg     + + +     Faith    .   (armour currently unavailable)
rPois    +         Spirit   +   (helmet currently unavailable)
rElec    .         Reflect  .   (cloak currently unavailable)
rCorr    .         Harm     .   (gloves currently unavailable)
MR       .....     NoTele   +   (boots currently unavailable)
Stlth    ++........             (no amulet)
HPRegen  0.55/turn              z - ring of see invisible
MPRegen  0.11/turn              (no ring)

@: tree-form
A: regeneration 1, magic shield, no potion heal 3, rot immunity
a: no special abilities


You were on level 4 of the Dungeon.
You were not hungry.
You were a tree.
You visited 1 branch of the dungeon, and saw 4 of its levels.

You collected 135 gold pieces.

Inventory:

Hand Weapons
 a - a +2 falchion (weapon)
 d - a +0 blowgun
Missiles
 c - 12 poisoned needles
 h - 115 stones (quivered)
 x - 4 javelins
Armour
 e - a +0 robe
 n - a +0 scale mail (melded)
 D - a +0 buckler (worn)
Jewellery
 z - a ring of see invisible (left branch)
Wands
 B - a wand of flame (27/48)
Scrolls
 k - a scroll of remove curse {unknown}
 l - a scroll of blinking {unknown}
 o - a scroll of fog {unknown}
 r - 4 scrolls of identify {unknown}
 s - a scroll of noise {unknown}
 u - 2 scrolls of teleportation {unknown}
 y - 2 scrolls of recharging {unknown}
Potions
 b - 2 potions of lignification
 j - 2 potions of resistance {unknown}
 p - a potion of magic {unknown}
 q - a potion of berserk rage {unknown}
 t - 2 potions of mutation {unknown}
 v - 2 potions of ambrosia {unknown}
Books
 C - a book of Changes

   Spells                             Type                      Level
   a - Beastly Appendage              Transmutation                1
   b - Sticks to Snakes               Transmutation                2
   c - Spider Form                    Transmutation/Poison         3
   d - Ice Form                       Ice/Transmutation            4
   e - Blade Hands                    Transmutation                5
Comestibles
 f - 2 bread rations
 g - 6 fruits
 m - a meat ration
 w - 4 chunks of flesh
 A - a royal jelly


   Skills:
 + Level 2.2 Fighting
 + Level 4.9 Long Blades
 + Level 1.1 Throwing
 + Level 1.9 Armour
 + Level 1.1 Dodging
 + Level 1.6 Stealth
 + Level 1.0 Shields
 + Level 1.1 Spellcasting
   Level 2.0 Necromancy


You had 7 spell levels left.
You didn't know any spells.

Dungeon Overview and Level Annotations

Branches:
Dungeon (4/15)
 Temple: D:4-7

Altars:


Innate Abilities, Weirdness & Mutations

((You have extremely sharp teeth.))
Your natural rate of healing is unusually fast.
When hurt, damage is shared between your health and your magic reserves.
((Your bite disrupts and absorbs the magic of your enemies.))
Potions cannot restore your health.
You are immune to rotting.


Message History

The orc priest hits you but does no damage.
The worker ant bites you.
* * * LOW HITPOINT WARNING * * *
You are lethally poisoned!
The worker ant poisons you!
You turn into a tree.
Your +0 scale mail melds into your body.
Your roots penetrate the ground.
* * * LOW HITPOINT WARNING * * *
You feel sick.
The worker ant bites you but does no damage.
You slash the worker ant!
The worker ant is heavily wounded.
* * * LOW HITPOINT WARNING * * *
You feel sick.
The worker ant bites you but does no damage.
It was a potion of curing.
Your system rejects the healing.
You feel better.
The worker ant waves its antennae.
The worker ant bites you.
You die...

..(......(..(#
.........(#
.........###
#...(......
#[.†......
##.?.....#
#o.##...## ##a##
..## ##♣## #..#
#..###..#
#.###..# #.....#
#.....#
##....######
#..........##
#...##.......##
#...#########..##


You could see a worker ant and an orc priest.

Vanquished Creatures
  A bullfrog skeleton (D:4)
  An orc wizard (D:3)
  A worker ant (D:4)
  Ijyb (D:4)
  An iguana (D:4)
  4 adders
  A howler monkey skeleton (D:4)
  An ooze (D:1)
  2 worms (D:2)
  A dart slug (D:4)
  A leopard gecko (D:4)
  10 orcs
  4 ball pythons
  3 giant cockroaches
  6 goblins
  4 hobgoblins
  8 jackals (D:2)
  A quokka (D:4)
  7 bats
  8 frilled lizards
  7 kobolds
  A quokka skeleton (D:4)
  9 rats
83 creatures vanquished.

Notes
Turn   | Place    | Note
-------+----------+-------------------------------------------
     0 | D:1      | slep the Vine Stalker Wanderer began the quest for the Orb.
     0 | D:1      | slep set off with: a +2 falchion, a potion of lignification, 12 poisoned needles, a +0 blowgun, a +0 robe, a bread ration
     0 | D:1      | Reached XP level 1. HP: 10/10 MP: 3/3
    74 | D:1      | Reached skill level 3 in Long Blades
   155 | D:1      | Reached XP level 2. HP: 6/14 MP: 2/4
   532 | D:1      | Reached XP level 3. HP: 16/18 MP: 5/5
  1239 | D:2      | Gained mutation: Your natural rate of healing is unusually fast. [Vine Stalker growth]
  1239 | D:2      | Reached XP level 4. HP: 18/22 MP: 4/6
  1680 | D:3      | Reached skill level 4 in Long Blades
  1680 | D:3      | Reached skill level 1 in Armour
  1680 | D:3      | Reached XP level 5. HP: 16/26 MP: 7/7
  2133 | D:4      | Reached skill level 1 in Dodging
  2269 | D:4      | Reached XP level 6. HP: 15/30 MP: 4/8
  2306 | D:4      | Noticed Ijyb
  2319 | D:4      | Killed Ijyb
  2325 | D:4      | HP: 1/45 [poisoned by a worker ant]
  2326 | D:4      | Slain by a worker ant

Vault maps used:
D:1:      dpeg_arrival_rhombi, minivault_11, fountainhead, hangedman_decor_push
D:2:      hangedman_decor_clover_reticule, minmay_misc_feat_chi
D:3:      nrook_mini_vaults, minmay_misc_feat_roman, item_on_display_a
D:4:      overflow_temple_1_default, uniq_natasha, uniq_ijyb

Skill      XL: |  1  2  3  4  5 |
---------------+----------------+-----
Long Blades    | 3 4 |  4.9
Armour         | 1 |  1.9
Fighting       | 2 |  2.2
Dodging        | 1 |  1.1
Throwing       | |  1.1
Stealth        | |  1.6
Shields        | |  1.0
Spellcasting   | |  1.1
Necromancy     | |  2.0

Action                   |  1- 3 |  4- 6 || total
-------------------------+-------+-------++-------
Melee: Falchion          |   103 |   110 ||   213
       Bite              |    26 |    38 ||    64
Throw: Stone             |     1 |    11 ||    12
  Use: Potion            |       |     2 ||     2
 Stab: Sleeping          |     1 |       ||     1
  Eat: Chunk             |     1 |     4 ||     5
Armor: Robe              |     8 |       ||     8
       Scale mail        |    26 |    53 ||    79
       Skin              |       |     2 ||     2
Dodge: Dodged            |    59 |    59 ||   118
Block: Buckler           |       |     8 ||     8
       Rpst.: Falchion   |    24 |    19 ||    43

Table legend:
 A = Spawn XP
 B = Non-spawn XP
 C = Spawn XP percentage of total XP
 D = Spawn monster count
 E = Non-spawn monster count
 F = Spawn count percentage of total count
 G = Total turns spent on level
                    A         B        C        D         E        F      G
               +---------+---------+-------+---------+---------+-------+---------
         Total |       0 |     403 |   0.0 |       0 |      83 |   0.0 |  2326
               +---------+---------+-------+---------+---------+-------+---------
           D:1 |       0 |      34 |   0.0 |       0 |      20 |   0.0 |   696
           D:2 |       0 |      84 |   0.0 |       0 |      30 |   0.0 |   927
           D:3 |       0 |      84 |   0.0 |       0 |      18 |   0.0 |   408
           D:4 |       0 |     201 |   0.0 |       0 |      15 |   0.0 |   295
               +---------+---------+-------+---------+---------+-------+---------
